 Dungeon Crawl Stone Soup version 0.28-a0-1555-g9ae15a6949 (webtiles) character file.

Game seed: 12851942473946801451

67 psuckher the Charlatan (level 4, -1/25 HPs)
             Began as a Tengu Artificer on Jan 18, 2022.
             Slain by an adder (4 damage)
             ... on level 2 of the Dungeon.
             The game lasted 00:07:44 (1448 turns).

psuckher the Charlatan (Tengu Artificer)            Turns: 1448, Time: 00:07:44

Health: -1/25      AC:  4    Str: 14    XL:     4   Next: 16%
Magic:  5/5        EV: 11    Int: 11    God:
Gold:   44         SH:  0    Dex: 15    Spells: 3/3 levels left

rFire   . . .      SeeInvis .   a - +0 club
rCold   . . .      Faith    .   (no shield)
rNeg    . . .      Spirit   .   b - +0 leather armour
rPois   .          Reflect  .   (helmet restricted)
rElec   .          Harm     .   (no cloak)
rCorr   .          Rampage  .   n - +0 pair of gloves
Will    .....                   (boots unavailable)
Stlth   ++........              (no amulet)
HPRegen 0.08/turn               (no ring)
MPRegen 0.09/turn               (no ring)

@: no status effects
A: beak, talons 3
a: no special abilities


You were on level 2 of the Dungeon.
You visited 1 branch of the dungeon, and saw 2 of its levels.

You collected 44 gold pieces.

Inventory:

Hand Weapons
 a - a +0 club (weapon)
Armour
 b - a +0 leather armour (worn)
 k - the +5 leather armour of Fanlugan {-Cast Harm rElec}
   (You found it on level 2 of the Dungeon)

   rElec:     It insulates you from electricity.
   -Cast:     It prevents spellcasting.
   Harm:      It increases damage dealt and taken.
 n - a +0 pair of gloves (worn)
Wands
 c - a wand of flame (4) (quivered)
 d - a wand of charming (15)
Scrolls
 g - 3 scrolls of identify {unknown}
 i - a scroll of amnesia {unknown}
Potions
 f - a potion of invisibility {unknown}
 h - a potion of ambrosia {unknown}
 j - a potion of lignification {unknown}
 l - a potion of heal wounds {unknown}
 m - a potion of berserk rage {unknown}
Miscellaneous
 e - a piece from Xom's chessboard (15/15)


   Skills:
 + Level 1.3 Fighting
 + Level 0.5 Maces & Flails
 + Level 2.8 Armour
 + Level 1.5 Dodging
 + Level 1.5 Stealth
 + Level 4.1 Evocations


You had 3 spell levels left.
You didn't know any spells.
Your spell library was empty.

Dungeon Overview and Level Annotations

Branches:
Dungeon (2/15)

Altars:
Cheibriados

Shops:
D:1 [   D:2 [[


Innate Abilities, Weirdness & Mutations

You have a beak for a mouth.
You have claws for feet.


Message History

A kobold comes into view. It is wielding a +0 club.
The kobold hits you with a +0 club. The kobold barely misses you.
You hit the kobold but do no damage. The kobold closely misses you.
You closely miss the kobold. You claw the kobold, but do no damage.
You peck the kobold, but do no damage. The kobold hits you with a +0 club.
You hit the kobold.
You kill the kobold!
You see here a +0 club.
A frilled lizard comes into view.
The helpless frilled lizard fails to defend itself.
You hit the frilled lizard. You peck the frilled lizard.
You kill the frilled lizard!
An adder comes into view.
The adder hisses angrily.
You hit the adder but do no damage. Your kick misses the adder.
The adder closely misses you.
You miss the adder. Your kick misses the adder. The adder barely misses you.
The adder bites you.
You hit the adder but do no damage. Your kick misses the adder.
The adder bites you. The adder completely misses you.
You closely miss the adder. You peck the adder.
The adder is heavily wounded.
The adder barely misses you.
You barely miss the adder. You claw the adder.
The adder is almost dead.
The adder bites you.
* * * LOW HITPOINT WARNING * * *
The adder closely misses you.
You closely miss the adder. Your peck misses the adder.
The adder is almost dead.
The adder barely misses you. The adder bites you.
* * * LOW HITPOINT WARNING * * *
You hit the adder but do no damage.
The adder is almost dead.
The adder bites you but does no damage.
You barely miss the adder.
The adder is almost dead.
The adder bites you.
You die...

#.#### #.###. #
#...#. #. ###)#. ..
##.#. ##.## ##....
###...#### #.....
#...#....#######....#
#S@.##...........##
##.#####.#########
#.# #.# #.# #.# ##.##
#.# #...####.#
#........# #...######
#####


You could see an adder.

Vanquished Creatures
  2 adders (D:2)
  A worm (D:2)
  A dart slug (D:1)
  3 ball pythons (D:2)
  4 bats
  8 endoplasms
  2 giant cockroaches (D:1)
  5 goblins (D:1)
  7 kobolds
  A quokka (D:2)
  4 frilled lizards
  3 rats (D:1)
41 creatures vanquished.

Vanquished Creatures (others)
  10 toadstools (D:2)
10 creatures vanquished.

Grand Total: 51 creatures vanquished

Notes
Turn   | Place    | Note
-------+----------+-------------------------------------------
     0 | D:1      | psuckher the Tengu Artificer began the quest for the Orb.
     0 | D:1      | Reached XP level 1. HP: 12/12 MP: 2/2
   159 | D:1      | Reached XP level 2. HP: 13/16 MP: 3/3
   535 | D:1      | Reached XP level 3. HP: 15/20 MP: 4/4
   583 | D:1      | Found Laimeh's Armour Boutique.
   803 | D:2      | Found a snail-covered altar of Cheibriados.
   844 | D:2      | Found Wisutuk's Antique Armour Emporium.
   907 | D:2      | Reached skill level 4 in Evocations
  1063 | D:2      | Identified the +5 leather armour of Fanlugan {-Cast Harm
                  | rElec}
  1179 | D:2      | Found Sewnyedo's Antique Armour Shoppe.
  1206 | D:2      | Reached XP level 4. HP: 21/25 MP: 5/5
  1448 | D:2      | Slain by an adder

Illustrated notes

Levels and vault maps discovered:
D:1:      ncdulo_halloftheorcs, layout_loops_ring, serial_shops,
          nicolae_shop_crystal
D:2:      cheibrodos_fertilizer, layout_loops_ring, basic_altar, serial_shops,
          nicolae_shop_statue_plus, nicolae_square_shop

Skill      XL: |  1  2  3 |
---------------+----------+-----
Evocations     | 4 |  4.1
Fighting       | |  1.3
Maces & Flails | |  0.5
Armour         | |  2.8
Dodging        | |  1.5
Stealth        | |  1.5

Action                   |  1- 3 |  4- 6 || total
-------------------------+-------+-------++-------
Melee: Club              |    78 |    20 ||    98
       Kick              |    19 |     5 ||    24
       Peck              |     9 |     4 ||    13
Evoke: Wand              |    11 |       ||    11
 Stab: Sleeping          |     3 |     1 ||     4
Armor: Leather armour    |    28 |     4 ||    32
Dodge: Dodged            |    51 |    15 ||    66

Table legend: (Time is in decaauts)
 A = Elapsed time spent in this place.
 B = Non-inter-level travel time spent in this place.
 C = Inter-level travel time spent in this place.
 D = Time resting spent in this place.
 E = Time spent auto-exploring this place.
 F = Levels seen in this place.
 G = Mean time per level.
                   A        B        C        D        E       F      G
               +--------+--------+--------+--------+--------+-----+--------+
         Total |   1475 |   1160 |    315 |      0 |     44 |   2 |  737.5 |
       Dungeon |   1475 |   1160 |    315 |      0 |     44 |   2 |  737.5 |
               +--------+--------+--------+--------+--------+-----+--------+

Top non-repeatable levels by time:
     D:1: 814 daAuts
     D:2: 660 daAuts
